Map: Inside and Out

Players

BurgrFlipper - Winner!

  • Race: Terran Terran
  • League: Grandmaster
  • Spawn Location: 7:00

llllllllllll

  • Race: Zerg Zerg
  • League: Grandmaster
  • Spawn Location: 1:00

VOD

Have the link to the VOD?

Description

Time

  • Played on: Sept. 11, 2022, 7:29 p.m.
  • Length: 15:57
Show
View Real Time Build Order
Export as new Build Order

BurgrFlipper Terran - Winner!

Build Orders: Reaper Expand 

Get SALT Encoding   

  12  0:00  SCV  
  13  0:12  SCV  
  14  0:17  Supply Depot  
  14  0:25  SCV  
  15  0:39  SCV  
  15  0:41  Barracks  
  16  0:44  Refinery  
  16  0:51  SCV  
  17  1:03  SCV  
  18  1:15  SCV  
  19  1:29  Orbital Command, Reaper  
  20  1:40  Command Center  
  20  1:48  Supply Depot  
  20  1:54  SCV  
  20  2:00  Marine  
  22  2:06  SCV  
  23  2:11  Factory  
  23  2:18  SCV  
  24  2:27  Barracks Reactor  
  24  2:32  SCV  
  25  2:43  Command Center  
  25  2:49  SCV  
  26  2:53  Orbital Command  
  26  3:01  SCV  
  27  3:13  SCV  
  27  3:16  Hellion x2  
  27  3:18  Barracks Tech Lab  
  27  3:19  SCV  
  33  3:25  SCV  
  34  3:31  SCV  
  35  3:37  Stimpack, SCV  
  35  3:40  Barracks  
  36  3:43  Refinery, SCV  
  36  3:47  Marine  
  38  3:49  SCV  
  38  3:53  Starport  
  38  3:55  SCV  
  40  4:01  SCV  
  40  4:02  Orbital Command  
  41  4:07  Factory Reactor, SCV  
  41  4:08  Marine  
  43  4:14  SCV  
  44  4:19  SCV  
  44  4:20  Engineering Bay  
  45  4:24  Supply Depot  
  45  4:26  Marine, SCV  
  45  4:27  Refinery, Engineering Bay, SCV  
  45  4:29  Marine x2  
  50  4:31  SCV  
  51  4:40  SCV x2  
  51  4:43  Supply Depot, SCV  
  54  4:51  Terran Infantry Weapons Level 1  
  54  4:52  Refinery, SCV  
  55  4:54  Marine x2  
  55  4:55  Marine  
  55  4:58  Terran Infantry Armor Level 1  
  58  5:00  Barracks, SCV  
  58  5:02  SCV, Factory Reactor  
  58  5:04  SCV  
  61  5:12  SCV  
  61  5:13  Marine x2  
  64  5:14  SCV  
  64  5:16  Marine  
  64  5:17  Medivac x2  
  64  5:19  SCV  
  71  5:25  SCV  
  71  5:26  Orbital Command  
  72  5:29  Combat Shield  
  72  5:30  Marine, Barracks  
  72  5:31  Barracks, SCV  
  72  5:33  Marine  
  72  5:34  Marine, Supply Depot  
  76  5:38  SCV  
  77  5:44  Missile Turret  
  77  5:54  Missile Turret  
  77  5:55  SCV  
  77  5:56  Missile Turret  
  77  5:58  Supply Depot  
  77  6:00  SCV x2  
  77  6:01  Factory Reactor  
  77  6:03  Missile Turret  
  79  6:05  Marine  
  79  6:06  Armory, Marine x2  
  79  6:07  Marine, SCV  
  84  6:12  SCV  
  84  6:15  Medivac  
  84  6:16  Medivac  
  89  6:20  Barracks Reactor x2  
  89  6:24  SCV  
  90  6:30  Marine x3, SCV  
  90  6:31  Marine x2  
  93  6:41  SCV  
  93  6:42  SCV  
  93  6:43  Marine, Missile Turret  
  93  6:47  SCV  
  94  6:48  Marine x4  
  94  6:51  Marine  
  98  6:55  SCV x2  
  98  6:56  Terran Infantry Armor Level 2, Terran Infantry Weapons Level 2  
  98  6:59  SCV  
  101  7:03  Marine, Barracks Reactor  
  101  7:04  Marine  
  101  7:05  Widow Mine x2  
  101  7:06  Marine  
  108  7:17  Marine  
  108  7:18  Marine x3  
  108  7:21  Marine  
  113  7:23  Refinery, Factory  
  113  7:24  Supply Depot x2  
  113  7:26  Widow Mine x2  
  113  7:27  Marine x2, SCV  
  120  7:35  Marine  
  120  7:36  Marine  
  118  7:47  Widow Mine x2  
  118  7:50  Marine  
  118  7:51  Marine, Medivac x2  
  122  7:53  Supply Depot  
  122  7:54  Marine x4  
  122  7:56  Marine x3  
  133  8:07  Factory Tech Lab, SCV x2  
  133  8:08  Marine x2  
  133  8:09  Widow Mine x2  
  141  8:15  Supply Depot, SCV  
  141  8:17  Marine x2  
  141  8:18  Supply Depot  
  141  8:19  SCV  
  145  8:28  Command Center  
  145  8:30  Widow Mine, Marine x2  
  145  8:32  Drilling Claws  
  149  8:37  Widow Mine x2, Marine x3  
  120  8:59  Marine x9  
  120  9:00  Widow Mine x2, Thor  
  123  9:13  Terran Infantry Weapons Level 3, Medivac x2  
  107  9:17  Marine x6  
  113  9:24  Terran Infantry Armor Level 3  
  113  9:25  Marine x2  
  115  9:32  Marine  
  115  9:34  Widow Mine x2  
  115  9:35  Marine x3  
  115  9:37  Terran Vehicle And Ship Armor Level 1  
  121  9:48  Thor  
  121  9:49  Orbital Command  
  104  10:09  Missile Turret  
  104  10:10  Marine x6  
  104  10:13  Marine x2  
  112  10:23  Marine, Missile Turret  
  112  10:25  Widow Mine x2  
  112  10:28  Marine  
  118  10:31  Medivac x2  
  118  10:32  Factory Tech Lab  
  118  10:35  Barracks  
  122  10:38  Marine, Barracks  
  122  10:39  Marine x5, Barracks  
  122  10:42  Marauder  
  130  10:55  Marine x2  
  130  10:56  Widow Mine x2, Marine x2  
  137  10:58  Planetary Fortress  
  137  11:03  Marauder  
  130  11:21  Marine x6  
  130  11:22  Widow Mine x2, Thor  
  130  11:24  Barracks Tech Lab  
  142  11:26  SCV  
  142  11:27  SCV  
  142  11:28  SCV  
  142  11:30  Supply Depot  
  143  11:36  Marine x2  
  143  11:37  Barracks Tech Lab, Marauder  
  143  11:38  Barracks Tech Lab, SCV  
  143  11:39  Missile Turret, SCV  
  149  11:41  Missile Turret  
  149  11:45  Widow Mine x2  
  149  11:46  Marauder  
  155  11:48  Missile Turret  
  151  11:58  Marauder  
  148  12:07  Marine x6, Marauder  
  148  12:08  Widow Mine x2  
  145  12:12  Marine x2  
  145  12:13  Widow Mine, Marauder x2  
  149  12:19  Marine  
  150  12:29  Widow Mine, Marauder  
  154  12:31  Command Center  
  154  12:34  Marauder  
  152  12:53  Marine  
  152  12:54  Marine x3, Marauder  
  152  12:55  Widow Mine x2, Medivac x2  
  166  13:00  Widow Mine  
  166  13:01  Marine x7  
  175  13:11  Marine x2  
  175  13:16  Widow Mine  
  133  13:31  Marine  
  133  13:32  Marine x8  
  133  13:33  Widow Mine x2, Medivac x2  
  148  13:35  Marine x2, Marauder  
  148  13:37  Widow Mine  
  133  13:49  Marine x4  
  133  13:50  Marauder  
  133  13:52  Marine  
  133  13:53  Marine, Marauder  
  133  13:54  Widow Mine, Marauder  
  141  14:09  Missile Turret  
  129  14:16  Marine x9  
  128  14:17  Thor  
  128  14:21  Medivac x2  
  128  14:23  Marine x2  
  135  14:24  Marauder  
  135  14:26  Widow Mine  
  135  14:27  Widow Mine  
  139  14:38  Marine x6  
  137  14:39  Marine, Marauder  
  144  14:47  Marine x3  
  144  14:48  Marine  
  146  14:56  Marine x2  
  145  15:00  Widow Mine  
  145  15:01  Marauder  
  145  15:02  Marine  
  145  15:04  Marine x4  
  145  15:05  Marine  
  145  15:06  Marauder  
  151  15:21  Widow Mine  
  143  15:31  Marine  
  143  15:32  Marine x5, Marauder  
  151  15:36  Marine  
  151  15:37  Marine x4, Missile Turret  
  151  15:38  Missile Turret  
  154  15:45  Missile Turret, Command Center  
Show
View Real Time Build Order
Export as new Build Order

llllllllllll Zerg 

Build Orders: Hatch First 

Get SALT Encoding   

  12  0:00  Drone  
  13  0:12  Overlord  
  13  0:17  Drone  
  14  0:31  Drone x2  
  16  0:48  Hatchery  
  15  0:52  Drone  
  15  0:55  Drone  
  17  0:58  Drone  
  18  1:12  Spawning Pool  
  18  1:14  Extractor  
  18  1:17  Drone  
  17  1:20  Drone  
  18  1:28  Drone  
  19  1:38  Drone  
  20  1:52  Overlord  
  20  2:00  Queen x2  
  20  2:01  Zergling x4  
  26  2:10  Drone  
  26  2:11  Drone  
  26  2:15  Metabolic Boost  
  28  2:21  Drone x2  
  30  2:29  Evolution Chamber  
  29  2:34  Overlord  
  29  2:35  Drone  
  30  2:39  Queen  
  33  2:45  Queen  
  35  2:51  Drone  
  35  2:54  Overlord  
  36  2:59  Drone  
  36  3:02  Drone  
  39  3:05  Drone x2  
  40  3:13  Drone x4  
  40  3:14  Drone  
  45  3:21  Extractor, Lair  
  44  3:27  Queen  
  44  3:30  Drone  
  44  3:31  Drone  
  44  3:33  Drone  
  49  3:38  Drone x2  
  51  3:42  Baneling Nest  
  51  3:44  Drone  
  51  3:54  Hatchery  
  50  4:00  Overlord  
  50  4:01  Zergling x4  
  52  4:05  Extractor x2  
  52  4:06  Drone x2  
  52  4:12  Overlord  
  52  4:22  Drone  
  52  4:23  Spire, Drone x2  
  54  4:25  Drone x2  
  54  4:30  Baneling x4  
  56  4:33  Drone  
  56  4:35  Overlord  
  57  4:40  Drone  
  57  4:43  Zergling x4  
  60  4:49  Overlord  
  60  4:52  Overlord  
  60  4:59  Drone x3  
  63  5:03  Drone  
  63  5:06  Drone  
  63  5:07  Drone  
  66  5:11  Drone x6  
  72  5:29  Queen  
  72  5:35  Mutalisk x6  
  86  5:39  Overlord  
  86  5:42  Drone x2  
  88  5:45  Centrifugal Hooks, Drone  
  88  5:48  Drone  
  90  5:53  Overlord  
  90  5:55  Overlord  
  90  5:58  Drone x3  
  90  5:59  Drone x2  
  90  6:01  Pneumatized Carapace  
  95  6:04  Extractor x2  
  95  6:08  Drone  
  95  6:09  Drone x2  
  95  6:10  Drone  
  97  6:15  Drone  
  97  6:16  Drone x2  
  97  6:17  Evolution Chamber  
  99  6:18  Evolution Chamber  
  99  6:20  Hatchery  
  99  6:22  Overlord  
  99  6:23  Mutalisk x2  
  101  6:28  Mutalisk  
  101  6:29  Mutalisk  
  101  6:31  Overlord  
  105  6:37  Zergling x6  
  108  6:45  Baneling x4  
  106  6:53  Mutalisk  
  104  6:55  Drone x3  
  104  6:56  Zergling x10  
  104  6:58  Overlord  
  114  7:04  Zerg Ground Armor Level 1, Zergling x2  
  115  7:09  Zergling x4  
  117  7:15  Overlord  
  117  7:19  Drone x2  
  119  7:29  Mutalisk x3  
  119  7:31  Overlord  
  119  7:32  Overseer  
  119  7:33  Hatchery  
  119  7:35  Zergling x6  
  123  7:37  Baneling x5  
  123  7:38  Baneling  
  118  7:47  Mutalisk, Zergling x12  
  118  7:49  Zergling x2  
  118  7:51  Queen  
  127  7:52  Queen  
  127  7:54  Zerg Melee Weapons Level 1  
  127  7:55  Zergling x2  
  132  7:58  Mutalisk  
  132  7:59  Overlord  
  132  8:00  Zergling x6  
  132  8:03  Hatchery  
  132  8:04  Queen  
  138  8:10  Mutalisk x2  
  142  8:13  Drone x3  
  142  8:16  Overlord  
  145  8:20  Mutalisk  
  145  8:21  Overlord  
  145  8:24  Drone x4  
  151  8:27  Zerg Flyer Weapons Level 1  
  151  8:28  Hatchery  
  151  8:30  Overlord  
  151  8:33  Zergling x12  
  156  8:34  Baneling  
  156  8:35  Baneling  
  156  8:47  Mutalisk x3  
  153  8:50  Zergling x10  
  153  8:55  Baneling x6  
  151  9:00  Mutalisk  
  136  9:13  Drone x7  
  136  9:16  Hatchery, Drone  
  138  9:19  Baneling x4  
  138  9:20  Baneling x3  
  138  9:21  Overlord  
  138  9:25  Mutalisk x2  
  138  9:29  Hatchery  
  141  9:36  Burrow  
  141  9:37  Drone x6  
  147  9:45  Mutalisk x2  
  147  9:47  Overlord  
  147  9:48  Zergling x4  
  127  10:05  Zergling x20  
  121  10:09  Mutalisk x2  
  121  10:10  Mutalisk x2  
  121  10:13  Baneling x3  
  129  10:14  Baneling  
  129  10:15  Zergling x6  
  129  10:16  Zergling x2  
  129  10:19  Zergling x2  
  129  10:20  Zergling x2  
  135  10:22  Zergling x6  
  135  10:24  Baneling x6  
  138  10:28  Zergling x2  
  138  10:29  Zergling x4  
  138  10:32  Infestation Pit  
  138  10:34  Drone x5  
  145  10:38  Overseer  
  145  10:39  Overseer  
  145  10:41  Drone x5  
  150  10:44  Overlord  
  150  10:49  Spore Crawler  
  135  10:57  Drone  
  135  10:58  Drone x5  
  135  10:59  Spore Crawler  
  136  11:04  Drone  
  136  11:05  Drone x14  
  136  11:08  Spore Crawler  
  150  11:12  Mutalisk x2  
  150  11:16  Drone x4  
  153  11:31  Mutalisk  
  153  11:32  Mutalisk x6  
  165  11:41  Extractor x2  
  165  11:45  Mutalisk x2  
  167  11:53  Zergling x20  
  172  12:07  Drone x5  
  168  12:09  Mutalisk x3  
  168  12:10  Mutalisk  
  168  12:12  Overlord  
  168  12:13  Hatchery  
  168  12:14  Zergling x16  
  183  12:26  Hive  
  183  12:30  Overlord  
  167  12:45  Baneling x7  
  167  12:48  Drone  
  167  12:49  Mutalisk x4  
  167  12:50  Zergling x2  
  167  12:51  Zergling x28  
  183  13:02  Zergling x18  
  183  13:04  Hatchery  
  191  13:06  Zerg Ground Armor Level 2  
  191  13:12  Zergling x12  
  196  13:19  Hatchery  
  181  13:25  Mutalisk x5  
  181  13:26  Zergling x10  
  168  13:34  Drone x6  
  168  13:36  Baneling x2  
  168  13:37  Baneling  
  168  13:39  Baneling x3  
  168  13:47  Mutalisk x3  
  161  13:52  Hatchery  
  160  13:58  Drone x4  
  160  13:59  Drone x5  
  152  14:10  Mutalisk x2  
  152  14:11  Mutalisk x3  
  154  14:17  Mutalisk  
  153  14:24  Hatchery  
  153  14:27  Mutalisk  
  153  14:28  Mutalisk x2  
  154  14:44  Drone  
  154  14:45  Drone x6  
  159  14:55  Zergling x26  
  156  15:14  Mutalisk x5, Baneling x4  
  151  15:21  Mutalisk, Baneling x5  
  139  15:30  Mutalisk x3  
Tags
 
Add a new tag
Caveats
  • Supply blocks, unpowered buildings, or Contaminate may cause inaccurate times.
  • Supply counts are checked every 10 seconds.